 Dungeon Crawl Stone Soup version 0.23.2-33-g5129a83184 (webtiles) character file.

Game seed: 12573557594675635562

4056 teukkam the Blocker (level 10, -1/88 HPs)
             Began as a Minotaur Fighter on July 25, 2019.
             Was an Initiate of Gozag.
             Slain by Maurice
             ... wielding a +0 flail
              (3 damage)
             ... on level 10 of the Dungeon.
             The game lasted 00:29:32 (7205 turns).

teukkam the Blocker (Minotaur Fighter)              Turns: 7205, Time: 00:29:33

Health: -1/88      AC:  7    Str: 24    XL:     10   Next: 4%
Magic:  9/9        EV:  9    Int:  5    God:    Gozag
Gold:   796        SH: 15    Dex: 10    Spells: 9/9 levels left

rFire    + . .     SeeInvis .   a - +0 war axe
rCold    + . .     Gourm    .   D - +1 shield
rNeg     + . .     Faith    .   W - +4 ring mail "Ekemep" {rN+}
rPois    +         Spirit   .   (helmet restricted)
rElec    +         Reflect  +   C - +1 cloak
rCorr    +         Harm     .   S - +0 pair of gloves
MR       .....                  y - +0 pair of boots
Stlth    ++........             e - +3 amulet of reflection
HPRegen  0.24/turn              U - +5 ring of slaying
MPRegen  0.11/turn              x - +3 ring of slaying

@: resistant, corroded
A: retaliatory headbutt, horns 2
a: Potion Petition, Call Merchant, Bribe Branch, Renounce Religion


You were on level 10 of the Dungeon.
You worshipped Gozag.
Gozag was pleased with you.
You were not hungry.

You visited 1 branch of the dungeon, and saw 10 of its levels.
You also visited: Ossuary.

You collected 1024 gold pieces.
You spent 140 gold pieces at shops.
You paid 88 gold pieces to Gozag.

Inventory:

Hand Weapons
 a - a +0 war axe (weapon)
 b - a +0 hunting sling
 c - a +1 flail of crushing
 q - a +0 whip of pain
Missiles
 i - 39 bolts
 j - 282 stones (quivered)
 l - 35 sling bullets
 o - 17 poisoned needles
 H - 5 javelins
 O - 3 tomahawks
Armour
 y - a +0 pair of boots (worn)
 C - a +1 cloak (worn)
 D - a +1 shield (worn)
 L - a +0 scale mail of cold resistance
 S - a +0 pair of gloves (worn)
 W - the +4 ring mail "Ekemep" (worn) {rN+}
   (You found it on level 9 of the Dungeon)

   It protects you from negative energy.
Jewellery
 e - a +3 amulet of reflection (around neck)
 v - an uncursed amulet of rage
 w - an uncursed ring of stealth
 x - a +3 ring of slaying (right hand)
 U - a +5 ring of slaying (left hand)
Wands
 n - a wand of digging (3)
Scrolls
 h - a scroll of silence
 r - 6 scrolls of remove curse
 s - 3 scrolls of enchant armour
 B - 4 scrolls of teleportation
 F - a scroll of amnesia {unknown}
 I - a scroll of immolation {unknown}
 J - 10 scrolls of identify {unknown}
 K - a scroll of enchant weapon {unknown}
 N - a scroll of random uselessness {unknown}
 P - a scroll of torment {unknown}
 Q - 2 scrolls of vulnerability {unknown}
 T - 2 scrolls of brand weapon {unknown}
 V - 2 scrolls of noise {unknown}
Potions
 d - 4 potions of might
 g - a potion of resistance
 k - a potion of flight
 m - 2 potions of degeneration {unknown}
 t - 2 potions of agility {unknown}
 z - a potion of invisibility {unknown}
 A - 2 potions of ambrosia {unknown}
 E - a potion of mutation {unknown}
 G - a potion of berserk rage {unknown}
 M - 2 potions of haste {unknown}
 R - a potion of brilliance {unknown}
Comestibles
 f - 11 rations


   Skills:
 + Level 8.1 Fighting
 + Level 7.7 Axes
 + Level 6.3 Slings
 + Level 8.2 Armour
 - Level 4.5 Stealth
 + Level 8.2 Shields


You had 9 spell levels left.
You didn't know any spells.
Your spell library contained the following spells:

 Spells                   Type           Power        Failure   Level  Hunger
 Shock                    Conj/Air       #...         88%         1    ##.....
 Sting                    Conj/Pois      #...         88%         1    ##.....
 Poisonous Vapours        Pois/Air       #.....       95%         2    ###....
 Swiftness                Chrm/Air       #.......     95%         2    ###....
 Mephitic Cloud           Conj/Pois/Air  #.......     99%         3    ####...
 Static Discharge         Conj/Air       #.......     99%         3    ####...
 Airstrike                Air            #.........   100%        4    #####..
 Olgreb's Toxic Radiance  Pois           #.......     100%        4    #####..
 Lightning Bolt           Conj/Air       #.........   100%        5    ######.
 Venom Bolt               Conj/Pois      #.........   100%        5    ######.


Dungeon Overview and Level Annotations

Branches:
Dungeon (10/15)            Temple (0/1) D:7
   Lair: D:8-11         Orc: D:9-12

Altars:
Cheibriados
Gozag
Kikubaaqudgha
Makhleb
Qazlal
Ru
Sif Muna
Wu Jian
Zin

Shops:
D:5 *

Annotations:
D:6 Prince Ribbit
D:10 Maurice


Innate Abilities, Weirdness & Mutations

You reflexively headbutt those who attack you in melee.
You have a pair of horns on your head.


Message History

You feel protected.
You hear a zap.
A bolt of acid appears from out of thin air!
The bolt of acid hits you. You resist.
* * * LOW HITPOINT WARNING * * *
You are splashed with acid.
You resist.
* * * LOW HITPOINT WARNING * * *
You closely miss something. Your headbutt misses something.
You hear a zap.
A bolt of acid appears from out of thin air!
The bolt of acid hits you. You resist.
* * * LOW HITPOINT WARNING * * *
You are splashed with acid!
You resist.
* * * LOW HITPOINT WARNING * * *
You closely miss something. You headbutt something.
You block something's attack.
You hit something but do no damage. You block something's attack.
You miss something. Something hits you.
You die...
Your body crumbles into a pile of gold.

# .. .#
##.#########.
...........>
.#..........#
............#
........§§..# #
.......§§§{@#.#
#.....§§§§...#
+..{..§§§..###
$#.....§§...#
#..........#
#..........#
#....<.....#
#####+######


There were no monsters in sight!

Vanquished Creatures
  A troll (D:9)
  Grinder (D:5)
  A hippogriff (D:8)
  Eustachio (D:6)
  2 steam dragons (D:8)
  2 orc warriors
  3 ogres
  2 phantoms (D:8)
  A centaur (D:7)
  Blork the orc (D:6)
  5 bullfrogs
  A scorpion (D:8)
  4 killer bees (D:8)
  4 howler monkeys
  2 centaur zombies
  A quasit (D:9)
  2 crimson imps
  2 bullfrog zombies
  6 hounds
  3 orc priests
  A gnoll shaman (D:9)
  A human zombie (Ossuary)
  A jelly (D:7)
  2 bullfrog skeletons
  A centaur skeleton (D:4)
  5 iguanas
  6 orc wizards
  7 worker ants
  4 hound zombies
  4 mummies (Ossuary)
  A howler monkey zombie (D:4)
  2 worker ant zombies (D:4)
  12 gnolls
  9 adders
  A shadow imp (D:9)
  2 oozes
  3 adder skeletons
  4 adder zombies
  2 worms
  7 leopard geckos
  17 orcs
  9 bats
  8 giant cockroaches
  A gnoll zombie (Ossuary)
  16 goblins
  11 hobgoblins
  10 jackals
  3 quokkas
  4 ball pythons
  8 frilled lizards
  2 goblin zombies (Ossuary)
  2 jackal skeletons (D:4)
  2 jackal zombies
  8 kobolds
  2 kobold zombies (Ossuary)
  2 leopard gecko zombies
  An orc zombie (Ossuary)
  4 quokka zombies
  10 rats
240 creatures vanquished.

Notes
Turn   | Place    | Note
-------+----------+-------------------------------------------
     0 | D:1      | teukkam the Minotaur Fighter began the quest for the Orb.
     0 | D:1      | Reached XP level 1. HP: 19/19 MP: 0/0
   159 | D:1      | Reached XP level 2. HP: 26/27 MP: 1/1
   364 | D:2      | Reached XP level 3. HP: 33/33 MP: 2/2
   447 | D:2      | You fall through a shaft!
   997 | D:3      | Reached XP level 4. HP: 40/40 MP: 3/3
   999 | D:3      | Reached skill level 1 in Slings
  1849 | D:2      | Reached XP level 5. HP: 44/47 MP: 4/4
  2605 | D:4      | Reached skill level 1 in Stealth
  2618 | D:4      | Reached XP level 6. HP: 30/55 MP: 5/5
  2640 | D:4      | Reached skill level 5 in Shields
  2704 | D:4      | Found a snail-covered altar of Cheibriados.
  2822 | D:4      | Reached skill level 5 in Fighting
  2822 | D:4      | Reached skill level 5 in Armour
  3224 | D:4      | Reached XP level 7. HP: 61/61 MP: 6/6
  3303 | D:5      | Entered Level 5 of the Dungeon
  3303 | D:5      | Noticed Grinder
  3477 | D:5      | Paralysed by Grinder for 4 turns
  3482 | D:5      | Paralysed by Grinder for 2 turns
  3497 | D:5      | Killed Grinder
  3551 | D:5      | Found an opulent altar of Gozag.
  3552 | D:5      | Found a burning altar of Makhleb.
  3558 | D:5      | Became a worshipper of Gozag Ym Sagoz the Greedy
  3607 | D:5      | Reached skill level 5 in Axes
  3824 | D:5      | Found Zidd's Assorted Antiques.
  3830 | D:5      | Bought a shiny scale mail for 140 gold pieces
  3945 | D:6      | Noticed Eustachio
  3956 | D:6      | Killed Eustachio
  3956 | D:6      | Reached XP level 8. HP: 70/70 MP: 7/7
  4041 | D:6      | Found a sand-covered staircase.
  4170 | Ossuary  | Entered an ossuary
  4516 | D:6      | Noticed Prince Ribbit
  4749 | D:6      | Noticed Blork the orc
  4756 | D:6      | Killed Blork the orc
  4764 | D:6      | Found a deep blue altar of Sif Muna.
  5028 | D:7      | Found a staircase to the Ecumenical Temple.
  5078 | D:7      | Found a sacrificial altar of Ru.
  5174 | D:7      | Reached XP level 9. HP: 47/78 MP: 8/8
  5505 | D:8      | Reached skill level 5 in Slings
  5535 | D:8      | Noticed a queen bee
  6017 | D:8      | Found an ancient bone altar of Kikubaaqudgha.
  6111 | D:8      | Found a glowing silver altar of Zin.
  6113 | D:8      | Found a stormy altar of Qazlal.
  6195 | D:8      | Found an ornate altar of the Wu Jian Council.
  6400 | D:9      | Noticed a troll
  6410 | D:9      | Killed a troll
  6752 | D:9      | Reached XP level 10. HP: 88/88 MP: 9/9
  6767 | D:9      | Got a slimy ring mail
  6778 | D:9      | Identified the +4 ring mail "Ekemep" {rN+} (You found it on
                  | level 9 of the Dungeon)
  7173 | D:10     | Entered Level 10 of the Dungeon
  7174 | D:10     | Noticed Maurice
  7190 | D:10     | HP: 4/88 [acid (11)]
  7202 | D:10     | HP: 1/88 [acid (7)]
  7205 | D:10     | Slain by Maurice

Skill      XL: |  1  2  3  4  5  6  7  8  9 |
---------------+----------------------------+-----
Fighting       | 4 5 6 8 |  8.1
Armour         | 4 5 6 8 |  8.2
Shields        | 4 5 6 8 |  8.2
Axes           | 3 4 5 6 7 |  7.7
Slings         | 1 2 3 4 6 |  6.3
Stealth        | 1 2 3 4 |  4.5

Action                   |  1- 3 |  4- 6 |  7- 9 | 10-12 || total
-------------------------+-------+-------+-------+-------++-------
Melee: War axe           |    71 |   116 |   248 |    34 ||   469
       Headbutt          |    10 |    31 |    44 |     8 ||    93
 Fire: Hunting sling     |    11 |    30 |    51 |     2 ||    94
Evoke: Wand              |       |       |     9 |       ||     9
  Use: Scroll            |     2 |     3 |     3 |     1 ||     9
       Potion            |       |       |     5 |     3 ||     8
 Stab: Sleeping          |       |       |     3 |       ||     3
       Distracted        |       |       |     2 |       ||     2
       Paralysed         |       |       |     1 |       ||     1
  Eat: Ration            |       |     1 |     4 |       ||     5
       Chunk             |       |     4 |       |       ||     4
Armor: Scale mail        |    23 |    45 |   115 |       ||   183
       Ring mail         |       |       |       |     1 ||     1
Dodge: Dodged            |    18 |    27 |    75 |     4 ||   124
Block: Shield            |    57 |   106 |   222 |    24 ||   409
       Reflection        |     3 |       |     3 |       ||     6
